 Dungeon Crawl Stone Soup version 0.28-b1-25-g9875b3fc8c (webtiles) character file.

Game seed: 6118449311660323660

155 mopl the Grave Robber (level 5, -1/24 HPs)
             Began as a Vine Stalker Necromancer on Feb 8, 2022.
             Slain by a kobold brigand (4 damage)
             ... in a sewer.
             The game lasted 00:07:16 (4080 turns).

mopl the Grave Robber (Vine Stalker Necromancer)    Turns: 4080, Time: 00:07:16

Health: -1/24      AC:  4    Str: 10    XL:     5   Next: 37%
Magic:  0/12       EV: 12    Int: 17    God:
Gold:   208        SH:  0    Dex: 15    Spells: 7/12 levels left

rFire   + . .      SeeInvis .   f - +0 dagger
rCold   + . .      Faith    .   (no shield)
rNeg    . . .      Spirit   +   a - +0 robe
rPois   .          Reflect  .   (no helmet)
rElec   .          Harm     .   j - scarf {rC+ rF+}
rCorr   .          Rampage  .   m - +0 pair of gloves
Will    .....                   o - +0 pair of boots
Stlth   ++........              (no amulet)
HPRegen 0.88/turn               (no ring)
MPRegen 0.13/turn               (no ring)

@: no status effects
A: fangs 2, regeneration 1, magic shield, antimagic bite, no potion heal 2
a: no special abilities


You were in a sewer.
You visited 1 branch of the dungeon, and saw 4 of its levels.
You also visited: Sewer.

You collected 208 gold pieces.

Inventory:

Hand Weapons
 f - a +0 dagger (weapon)
Missiles
 h - 4 poisoned darts
Armour
 a - a +0 robe (worn)
 j - a scarf of resistance (worn)
 m - a +0 pair of gloves (worn)
 o - a +0 pair of boots (worn)
Scrolls
 b - 3 scrolls of teleportation
 c - a scroll of holy word {unknown}
 d - a scroll of fog {unknown}
 g - a scroll of blinking {unknown}
Potions
 e - 3 potions of curing {unknown}
 i - 2 potions of haste
 l - 2 potions of heal wounds {unknown}
 n - a potion of lignification {unknown}
 p - a potion of mutation {unknown}
Miscellaneous
 k - a piece from Xom's chessboard (15/15)


   Skills:
 - Level 1.5 Dodging
 - Level 2.4 Stealth
 + Level 4.2 Spellcasting
 + Level 5.3 Necromancy


You had 7 spell levels left.
You knew the following spells:

 Your Spells              Type           Power      Damage    Failure   Level
a - Pain                  Necr           84%        1d8       1%          1
b - Vampiric Draining     Necr           21%        2d7       5%          3
x - Animate Skeleton      Necr           42%        N/A       1%          1

Your spell library contained the following spells:

 Spells                   Type           Power      Damage    Failure   Level
 Shock                    Conj/Air       12%        1d3       16%         1
 Animate Dead             Necr           10%        N/A       17%         4
 Swiftness                Air            3%         N/A       43%         3
 Agony                    Necr           21%        N/A       43%         5
 Airstrike                Air            1%         N/A       83%         4


Dungeon Overview and Level Annotations

Branches:
Dungeon (4/15)              Sewer (1/1)
 Temple: D:4-7

Altars:
Xom

Shops:
D:1 =


Innate Abilities, Weirdness & Mutations

You have extremely sharp teeth.
Your natural rate of healing is unusually fast.
When hurt, damage is shared between your health and your magic reserves.
Your bite disrupts and absorbs the magic of your enemies.
Potions cannot restore your health.


Message History

You closely miss the kobold brigand.
The kobold brigand is lightly wounded.
The kobold brigand hits you with a +0 dagger.
The kobold brigand hits you with a +0 short sword!
The kobold brigand misses you.
You hit the kobold brigand.
The kobold brigand is lightly wounded.
The kobold brigand closely misses you.
The kobold brigand hits you with a +0 dagger.
Casting: Pain (safe; 1% risk of failure)
Confirm with . or Enter, or press ? or * to list all spells.
Aiming: Pain (safe; 1% risk of failure)
Press: ? - help, Shift-Dir - straight line, f - kobold brigand
Aim: a kobold brigand, wielding a +0 short sword and quivering curare-tipped darts (chance to affect: 80%)
The kobold brigand writhes in agony.
The kobold brigand closely misses you. The kobold brigand barely misses you.
Unknown command.
Casting: Pain (safe; 1% risk of failure)
Confirm with . or Enter, or press ? or * to list all spells.
The spell is quite dangerous to miscast (5% risk of failure)!
Continue anyway?
Okay, then.
Unknown command.
Casting: Vampiric Draining (quite dangerous; 5% risk of failure)
Confirm with . or Enter, or press ? or * to list all spells.
The spell is quite dangerous to miscast (5% risk of failure)!
Continue anyway?
Aiming: Vampiric Draining (quite dangerous; 5% risk of failure)
Press: ? - help, Shift-Dir - straight line, f/p - kobold brigand
Aim: a kobold brigand, wielding a +0 short sword and quivering curare-tipped darts (lightly wounded)
You draw life force from the kobold brigand!
You feel life coursing into your body.
The kobold brigand hits you with a +0 short sword.
The kobold brigand hits you with a +0 dagger.
You hit the kobold brigand. Your bite misses the kobold brigand.
The kobold brigand is moderately wounded.
The kobold brigand closely misses you.
The kobold brigand hits you with a +0 dagger.
The kobold brigand hits you with a +0 dagger!
* * * LOW HITPOINT WARNING * * *
The kobold brigand hits you with a +0 short sword.
You die...

≈#####..≈..# .?≈ ##
##.≈.## #.# # ##≈##
#.# #≈# #.# #≈# #.# #
##≈## ##.## ##
##.≈.## ##.≈.##
.#####≈.≈≈.####.KK..#
≈≈≈≈≈≈≈≈.≈.†≈≈≈.@..≈#
.##≈##.....####...≈.#
### ###≈≈.## ##.≈.##
# ##≈## ##≈## #≈# #≈#
#≈# #≈# #≈# #≈# #≈#
≈# .≈


You could see 2 kobold brigands.

Vanquished Creatures
  5 adders
  A gnoll (D:1)
  A river rat (Sewer)
  2 adder skeletons (D:4)
  3 worms
  5 dart slugs
  2 orcs
  2 bats
  9 endoplasms
  3 giant cockroaches
  4 goblins
  2 hobgoblins
  5 quokkas
  5 ball pythons
  3 frilled lizards
  8 kobolds
  9 rats
69 creatures vanquished.

Notes
Turn   | Place    | Note
-------+----------+-------------------------------------------
     0 | D:1      | mopl the Vine Stalker Necromancer began the quest for the
                  | Orb.
     0 | D:1      | Reached XP level 1. HP: 9/9 MP: 4/4
     7 | D:1      | Found Vegyamn's Jewellery Emporium.
    91 | D:1      | You fall into a shaft and drop 1 floor!
   536 | D:2      | Learned a level 1 spell: Animate Skeleton
   608 | D:2      | Reached XP level 2. HP: 6/13 MP: 1/6
   961 | D:2      | Reached XP level 3. HP: 7/16 MP: 1/8
  1135 | D:2      | Reached skill level 3 in Spellcasting
  1852 | D:1      | Learned a level 3 spell: Vampiric Draining
  1865 | D:1      | Found a faded altar of an unknown god.
  2016 | D:1      | Gained mutation: Your natural rate of healing is unusually
                  | fast. [Vine Stalker growth]
  2016 | D:1      | Reached XP level 4. HP: 18/21 MP: 7/10
  3470 | D:3      | Reached skill level 5 in Necromancy
  3694 | D:4      | Found a shimmering altar of Xom.
  3852 | D:4      | Reached XP level 5. HP: 21/24 MP: 8/11
  3916 | D:4      | Reached skill level 4 in Spellcasting
  3972 | D:4      | Found a glowing drain.
  3976 | Sewer    | Entered a sewer
  4062 | Sewer    | Noticed a kobold brigand
  4062 | Sewer    | Noticed a kobold brigand
  4080 | Sewer    | Slain by a kobold brigand

Illustrated notes

Levels and vault maps discovered:
D:1:      elethiomel_arrival_shortcut, layout_basic, serial_shops, shop,
          ebering_ecumenical_altar_petrified, grunt_decor_cap
D:2:      layout_basic
D:3:      layout_loops_ring
D:4:      layout_gridville, xom_butterflies, gup_sewer_entry_spiral
Sewer:    sewer_co_15_rooms

Skill      XL: |  1  2  3  4  5 |
---------------+----------------+-----
Spellcasting   | 3 4 |  4.2
Necromancy     | 5 |  5.3
Dodging        | |  1.5
Stealth        | |  2.4

Action                   |  1- 3 |  4- 6 || total
-------------------------+-------+-------++-------
Melee: Unarmed           |    13 |       ||    13
       Bite              |     7 |    42 ||    49
       Dagger            |    12 |   164 ||   176
       Punch             |     1 |     1 ||     2
 Cast: Pain              |    45 |    32 ||    77
       Animate Skeleton  |     5 |     3 ||     8
       Vampiric Draining |       |     4 ||     4
  Use: Scroll            |       |     3 ||     3
 Stab: Sleeping          |       |     3 ||     3
Armor: Robe              |     5 |    30 ||    35
Dodge: Dodged            |    26 |    95 ||   121
